[Event "3rd FIDE WCCC Rapid U08 2019"]
[Site "Minsk"]
[Date "2019.08.17"]
[Round "5.6"]
[White "Bianchuk, Gleb"]
[Black "Preobrazhenskaya, Diana"]
[Result "0-1"]
[ECO "C57"]
[WhiteElo "1112"]
[BlackElo "1361"]
[Annotator "NA"]
[PlyCount "86"]
[EventDate "2019.08.16"]
[EventType "swiss"]
[EventCountry "BLR"]
[SourceTitle "playchess.com"]
[Source "ChessBase"]
[SourceQuality "1"]
[TimeControl "600+5"]

1. e4 e5 2. Nf3 Nc6 3. Bc4 Nf6 4. Ng5 Bc5 5. Nxf7 Bxf2+ 6. Kf1 Qe7 7. Nxh8 Bb6 8. d3 Qc5 9. Qf3 Nd4 10. Be3 Qb4 11. Bd2 Qxb2 12. Bc3 Qxc2 13. Qf2 Qd1+ 14. Qe1 Qg4 15. Bxd4 Bxd4 16. Nc3 Qf4+ 17. Ke2 Qe3+ 18. Kd1 Qxe1+ 19. Rxe1 Bxc3 20. Nf7 Bxa1 21. Kc2 Bd4 22. h3 b5 23. Bb3 a5 24. a4 bxa4 25. Ba2 Rb8 26. Rb1 Rxb1 27. Kxb1 h6 28. Kc2 d5 29. Nxh6 gxh6 30. exd5 Bb7 31. d6 cxd6 32. g4 Bg2 33. g5 hxg5 34. h4 gxh4 35. Bf7+ Kxf7 36. Kd2 h3 37. Ke1 h2 38. Ke2 h1=Q 39. Kd2 Qh6+ 40. Ke1 Qe3+ 41. Kd1 Bf3+ 42. Kc2 Qe2+ 43. Kb1 Qb2# 0-1

[Event "3rd FIDE WCCC Rapid U08 2019"]
[Site "Minsk"]
[Date "2019.08.17"]
[Round "6.1"]
[White "Usov, Dmitry E."]
[Black "Gulenko, Zakhar"]
[Result "1-0"]
[ECO "C05"]
[WhiteElo "1331"]
[BlackElo "1496"]
[Annotator "NA"]
[PlyCount "163"]
[EventDate "2019.08.16"]
[EventType "swiss"]
[EventCountry "BLR"]
[SourceTitle "playchess.com"]
[Source "ChessBase"]
[SourceQuality "1"]
[TimeControl "600+5"]

1. e4 e6 2. d4 d5 3. Nd2 Nf6 4. e5 Nfd7 5. c3 c5 6. Bd3 Nc6 7. Ngf3 Be7 8. O-O O-O 9. Qc2 h6 10. b3 a6 11. a4 Qb6 12. Bb2 cxd4 13. cxd4 Nb4 14. Qb1 f5 15. exf6 Nxf6 16. Ba3 Bd6 17. Bxb4 Qxb4 18. Qe1 Bd7 19. h3 Rac8 20. Qe2 Rc3 21. Rac1 Rfc8 22. Rxc3 Rxc3 23. Bg6 Kf8 24. Rb1 Ke7 25. Nh4 Rc6 26. Nf5+ Kf8 27. Nxd6 Qxd6 28. b4 Qf4 29. b5 axb5 30. axb5 Rc3 31. Nf3 Rc1+ 32. Rxc1 Qxc1+ 33. Kh2 Qc4 34. Qxc4 dxc4 35. b6 Nd5 36. Ne5 Bb5 37. Kg1 Nxb6 38. Kf1 Nd5 39. Ke1 Nf4 40. Be4 b6 41. Kd2 Nd5 42. Bxd5 exd5 43. Kc3 Ke7 44. Ng4 Kd6 45. Ne3 g6 46. f4 Bd7 47. g4 b5 48. h4 Bc6 49. f5 gxf5 50. Nxf5+ Ke6 51. Nxh6 Kf6 52. Nf5 Ke6 53. Ne3 Kf6 54. Nf5 Bd7 55. Ne3 Bc6 56. h5 Kg5 57. Nf5 Bd7 58. Ne3 Be6 59. Kb4 Bg8 60. Kc3 Kf4 61. Nf5 Bh7 62. Ne7 Kxg4 63. Nxd5 Kxh5 64. Nc7 Bd3 65. Nxb5 Kg4 66. Nd6 Kf4 67. Nxc4 Bf5 68. Kb4 Ke4 69. Kc5 Bc8 70. Nd6+ Kf4 71. Nxc8 Ke4 72. d5 Ke5 73. d6 Ke6 74. Kc6 Ke5 75. d7 Ke4 76. d8=Q Ke3 77. Kc5 Ke2 78. Qd4 Ke1 79. Nd6 Ke2 80. Ne4 Ke1 81. Qd2+ Kf1 82. Qf2# 1-0

[Event "3rd FIDE WCCC Rapid U08 2019"]
[Site "Minsk"]
[Date "2019.08.17"]
[Round "6.2"]
[White "Nematolahi, Amirali"]
[Black "Bayramli, Rafael"]
[Result "1/2-1/2"]
[ECO "B21"]
[WhiteElo "1220"]
[BlackElo "1514"]
[Annotator "NA"]
[PlyCount "117"]
[EventDate "2019.08.16"]
[EventType "swiss"]
[EventCountry "BLR"]
[SourceTitle "playchess.com"]
[Source "ChessBase"]
[SourceQuality "1"]
[TimeControl "600+5"]

1. e4 c5 2. d4 cxd4 3. c3 dxc3 4. Nxc3 Nc6 5. Nf3 d6 6. Bc4 e6 7. O-O Be7 8. Qe2 e5 9. Rd1 Nf6 10. Be3 O-O 11. b4 Bg4 12. b5 Na5 13. Bd5 Rc8 14. Rac1 b6 15. h3 Bxf3 16. Qxf3 Nc4 17. Bc6 a6 18. Bb7 Nxe3 19. Qxe3 Rc7 20. bxa6 Nd7 21. Nd5 Rxc1 22. Rxc1 Nc5 23. a3 Bg5 24. Qe1 Nd3 25. Qd1 Nxc1 26. a7 Qd7 27. a8=Q Rxa8 28. Bxa8 Qc8 29. Nxb6 Qb8 30. Qa4 h5 31. Qc6 Ne2+ 32. Kh1 Nd4 33. Qc8+ Qxc8 34. Nxc8 Nb5 35. a4 Nc7 36. Bd5 Nxd5 37. exd5 Bd8 38. Nxd6 Kf8 39. Nb7 Bb6 40. a5 Bxf2 41. d6 Ke8 42. a6 Kd7 43. g4 hxg4 44. hxg4 e4 45. Kg2 Bb6 46. Kf1 f6 47. Ke2 g6 48. Kd2 f5 49. gxf5 gxf5 50. Ke2 f4 51. Na5 f3+ 52. Kf1 Kxd6 53. Nc4+ Kc7 54. Nd2 e3 55. Nxf3 Kb8 56. Ke2 Ka7 57. Ne5 Kxa6 58. Nc4 Bd4 59. Nxe3 1/2-1/2

[Event "3rd FIDE WCCC Rapid U08 2019"]
[Site "Minsk"]
[Date "2019.08.17"]
[Round "6.3"]
[White "Preobrazhenskaya, Diana"]
[Black "Saulin, Grigoriy"]
[Result "1-0"]
[ECO "C55"]
[WhiteElo "1361"]
[BlackElo "1117"]
[Annotator "NA"]
[PlyCount "43"]
[EventDate "2019.08.16"]
[EventType "swiss"]
[EventCountry "BLR"]
[SourceTitle "playchess.com"]
[Source "ChessBase"]
[SourceQuality "1"]
[TimeControl "600+5"]

1. e4 e5 2. Bc4 Nc6 3. Nf3 Nf6 4. d4 exd4 5. O-O d6 6. Nxd4 Be7 7. Nc3 Nxd4 8. Qxd4 O-O 9. f4 c6 10. Be3 Ng4 11. h3 Nxe3 12. Qxe3 b6 13. Qd3 a5 14. a4 Bf6 15. f5 Be5 16. Qf3 Bb7 17. Qg4 Qf6 18. Ne2 Bxb2 19. Rab1 Bd4+ 20. Kh1 Bc5 21. Nf4 Bd4 22. Nh5 1-0

[Event "3rd FIDE WCCC Rapid U08 2019"]
[Site "Minsk"]
[Date "2019.08.17"]
[Round "6.5"]
[White "Yeganegi, Barad"]
[Black "Baryshnikov, Grigoriy"]
[Result "1-0"]
[ECO "A57"]
[WhiteElo "1612"]
[BlackElo "1227"]
[Annotator "NA"]
[PlyCount "88"]
[EventDate "2019.08.16"]
[EventType "swiss"]
[EventCountry "BLR"]
[SourceTitle "playchess.com"]
[Source "ChessBase"]
[SourceQuality "1"]
[TimeControl "600+5"]

1. d4 Nf6 2. c4 c5 3. d5 b5 4. cxb5 g6 5. Nc3 Bg7 6. e4 d6 7. Nf3 O-O 8. Qc2 Bg4 9. Be2 Nbd7 10. O-O Re8 11. Bf4 Qc7 12. h3 Bxf3 13. Bxf3 Rab8 14. Rac1 Qb7 15. Rfe1 a6 16. bxa6 Qxa6 17. Rb1 Rb7 18. Be2 Qa7 19. Bh2 Reb8 20. a4 Rb4 21. Bb5 Nb6 22. b3 Nfd7 23. Bf4 Ne5 24. Be3 Ra8 25. Bd2 c4 26. bxc4 Rxb1 27. Nxb1 Nxa4 28. Be3 Nc5 29. Rd1 Qc7 30. Kh1 Ncd7 31. f4 Ng4 32. hxg4 Qd8 33. Kg1 Rb8 34. Qa4 Nb6 35. Qc2 Nd7 36. Nd2 e6 37. dxe6 fxe6 38. Nf3 Qe7 39. Qd3 d5 40. exd5 exd5 41. Qxd5+ Kh8 42. Bf2 Nf6 43. Qd6 Qe4 44. Qxb8+ Ne8 1-0

[Event "3rd FIDE WCCC Rapid U08 2019"]
[Site "Minsk"]
[Date "2019.08.17"]
[Round "6.6"]
[White "Murashko, Vasiliy"]
[Black "Bouska, Jiri"]
[Result "0-1"]
[ECO "A22"]
[WhiteElo "1247"]
[BlackElo "1505"]
[Annotator "NA"]
[PlyCount "46"]
[EventDate "2019.08.16"]
[EventType "swiss"]
[EventCountry "BLR"]
[SourceTitle "playchess.com"]
[Source "ChessBase"]
[SourceQuality "1"]
[TimeControl "600+5"]

1. c4 e5 2. Nc3 Nf6 3. e3 c5 4. b3 Nc6 5. Bb2 d5 6. cxd5 Nxd5 7. Nxd5 Qxd5 8. d4 cxd4 9. exd4 Bb4+ 10. Qd2 Bxd2+ 11. Kxd2 Nxd4 12. Bd3 e4 13. Ne2 Nxe2 14. Kxe2 Qxd3+ 15. Ke1 Bg4 16. f3 e3 17. Rd1 Qc2 18. Rf1 e2 19. Rd2 exf1=Q+ 20. Kxf1 Qxd2 21. Bxg7 Rc8 22. Bb2 Rc2 23. Bd4 Qd1# 0-1

[Event "3rd FIDE WCCC Rapid U08 2019"]
[Site "Minsk"]
[Date "2019.08.17"]
[Round "7.1"]
[White "Preobrazhenskaya, Diana"]
[Black "Usov, Dmitry E."]
[Result "1/2-1/2"]
[ECO "B10"]
[WhiteElo "1361"]
[BlackElo "1331"]
[Annotator "NA"]
[PlyCount "162"]
[EventDate "2019.08.16"]
[EventType "swiss"]
[EventCountry "BLR"]
[SourceTitle "playchess.com"]
[Source "ChessBase"]
[SourceQuality "1"]
[TimeControl "600+5"]

1. e4 c6 2. c4 d5 3. exd5 cxd5 4. cxd5 Nf6 5. Qa4+ Bd7 6. Qb3 Qc7 7. Nc3 a6 8. Nf3 e6 9. Be2 Be7 10. O-O O-O 11. d4 exd5 12. Nxd5 Nxd5 13. Qxd5 Nc6 14. Qe4 f5 15. Bc4+ Kh8 16. Qe2 Rae8 17. Qd2 b5 18. Bb3 Na5 19. Qd3 Bc6 20. Ne5 Nxb3 21. Qxb3 Bd6 22. Nxc6 Qxc6 23. Qh3 Re4 24. Bd2 Rxd4 25. Bc3 Rg4 26. Rac1 Qb6 27. Kh1 Qd8 28. Qf3 Qh4 29. h3 Rg6 30. Rfd1 Qf4 31. Qxf4 Bxf4 32. Bd2 Bxd2 33. Rxd2 h6 34. Rcd1 Kh7 35. Rd6 Rff6 36. Rxf6 Rxf6 37. g3 Rc6 38. Rd2 Kg6 39. Kg2 Kf6 40. f4 g5 41. Kf3 h5 42. fxg5+ Kxg5 43. Re2 Rc4 44. h4+ Kf6 45. Kf2 a5 46. b3 Rd4 47. Rc2 Ke5 48. Ke3 Rd5 49. Re2 Kf6 50. Kf4 Rd4+ 51. Kf3 Rd3+ 52. Kf2 b4 53. Kg2 a4 54. bxa4 Ra3 55. a5 Rxa5 56. Kf3 Ra3+ 57. Kf4 b3 58. axb3 Rxb3 59. Re1 Rb4+ 60. Kf3 Rb5 61. Re2 Rb4 62. Re3 Rg4 63. Re2 f4 64. Rg2 fxg3 65. Rxg3 Rxh4 66. Kg2 Kf5 67. Rh3 Rg4+ 68. Kh1 h4 69. Kh2 Kf4 70. Kh1 Ke4 71. Kh2 Rf4 72. Kg2 Kf5 73. Rf3 Kg4 74. Rxf4+ Kxf4 75. Kh3 Kg5 76. Kh2 Kg4 77. Kg2 h3+ 78. Kh2 Kh4 79. Kh1 Kg3 80. Kg1 h2+ 81. Kh1 Kh3 1/2-1/2

[Event "3rd FIDE WCCC Rapid U08 2019"]
[Site "Minsk"]
[Date "2019.08.17"]
[Round "7.2"]
[White "Bouska, Jiri"]
[Black "Rose, Noah"]
[Result "1-0"]
[ECO "C78"]
[WhiteElo "1505"]
[BlackElo "1589"]
[Annotator "NA"]
[PlyCount "89"]
[EventDate "2019.08.16"]
[EventType "swiss"]
[EventCountry "BLR"]
[SourceTitle "playchess.com"]
[Source "ChessBase"]
[SourceQuality "1"]
[TimeControl "600+5"]

1. e4 e5 2. Nf3 Nc6 3. Bb5 a6 4. Ba4 Nf6 5. O-O b5 6. Bb3 Bc5 7. h3 O-O 8. Re1 Qe7 9. c3 d6 10. d4 Bb6 11. Bg5 h6 12. Bh4 g5 13. Bg3 Nh5 14. Kh1 Nxg3+ 15. fxg3 g4 16. Nh4 Qg5 17. Qd2 Qxd2 18. Nxd2 exd4 19. hxg4 Kg7 20. Bd5 Bb7 21. Nf5+ Kh7 22. Bxc6 Bxc6 23. cxd4 Bd7 24. Nf3 Rg8 25. Nh2 Bxf5 26. exf5 Bxd4 27. Re7 Rg7 28. Rxc7 Bxb2 29. Re1 Be5 30. Rc6 Bxg3 31. Re4 Be5 32. Nf3 Bg3 33. Rc3 Rag8 34. Kg1 Rxg4 35. Re7 R8g7 36. f6 R7g6 37. Rxf7+ Kg8 38. Rcc7 Rc4 39. Rg7+ Rxg7 40. Rxg7+ Kf8 41. Rxg3 Rf4 42. Rg6 a5 43. Rxh6 a4 44. Ng5 Rf5 45. Rh8# 1-0

[Event "3rd FIDE WCCC Rapid U08 2019"]
[Site "Minsk"]
[Date "2019.08.17"]
[Round "7.3"]
[White "Jasiulewicz, Kamil"]
[Black "Yeganegi, Barad"]
[Result "0-1"]
[ECO "B22"]
[WhiteElo "1083"]
[BlackElo "1612"]
[Annotator "NA"]
[PlyCount "106"]
[EventDate "2019.08.16"]
[EventType "swiss"]
[EventCountry "BLR"]
[SourceTitle "playchess.com"]
[Source "ChessBase"]
[SourceQuality "1"]
[TimeControl "600+5"]

1. e4 c5 2. c3 Nf6 3. Nf3 Nxe4 4. d4 cxd4 5. cxd4 Nf6 6. Nc3 Nc6 7. Bb5 a6 8. Ba4 g6 9. Be3 Bg7 10. O-O O-O 11. Rc1 b5 12. Bb3 Bb7 13. Ne2 Na5 14. Ng3 Nxb3 15. axb3 d6 16. Re1 Rc8 17. Qd2 Qd7 18. Qe2 Bd5 19. Rxc8 Rxc8 20. Bg5 Re8 21. Bxf6 Bxf6 22. Ne4 Bg7 23. Nc3 Bxb3 24. Ra1 Bc4 25. Qe3 Qc6 26. Rc1 Qb7 27. Ne4 Bd5 28. Nxd6 Bh6 29. Qe1 Qd7 30. Nxe8 Bxc1 31. Qxc1 Qxe8 32. Qe3 Qd8 33. Ne1 Qc7 34. Qc3 Qxc3 35. bxc3 a5 36. Nc2 a4 37. f3 e6 38. Kf2 Kf8 39. Ke3 Bc4 40. Kd2 Ke7 41. Na3 Kd6 42. Ke3 Kd5 43. Nc2 Bf1 44. g3 Kc4 45. Kd2 Kb3 46. Nb4 a3 47. Nc2 a2 48. Kc1 Kxc3 49. Na1 b4 50. Nc2 b3 51. Na3 b2+ 52. Kd1 b1=Q+ 53. Nxb1+ axb1=Q# 0-1

[Event "3rd FIDE WCCC Rapid U08 2019"]
[Site "Minsk"]
[Date "2019.08.17"]
[Round "7.4"]
[White "Bayramli, Rafael"]
[Black "Velagapudi, Vihan"]
[Result "1-0"]
[ECO "D00"]
[WhiteElo "1514"]
[BlackElo "1337"]
[Annotator "NA"]
[PlyCount "117"]
[EventDate "2019.08.16"]
[EventType "swiss"]
[EventCountry "BLR"]
[SourceTitle "playchess.com"]
[Source "ChessBase"]
[SourceQuality "1"]
[TimeControl "600+5"]

1. d4 d5 2. Bf4 Nf6 3. e3 c5 4. c3 Nc6 5. Nd2 Qb6 6. Qb3 c4 7. Qc2 Bg4 8. b3 cxb3 9. axb3 e6 10. Bd3 Bh5 11. Ngf3 Be7 12. h3 Bg6 13. Bxg6 hxg6 14. O-O O-O 15. Rfb1 a5 16. Ne1 Rfc8 17. Qb2 Nd7 18. Nd3 Qa6 19. c4 Nb4 20. Nxb4 Bxb4 21. e4 dxc4 22. bxc4 b6 23. d5 Bxd2 24. Qxd2 Qxc4 25. dxe6 Qxe6 26. f3 Nc5 27. Qa2 Qxa2 28. Rxa2 Ra6 29. Be3 a4 30. Rb5 Kf8 31. Bc1 Ke7 32. Ba3 Kd6 33. Rab2 Kc6 34. R5b4 Rd8 35. Kf1 Rd3 36. Ra2 b5 37. Ke2 Rb3 38. Kd2 Rxb4 39. Bxb4 Nb3+ 40. Kc2 Ra8 41. Kb2 Kb6 42. Ka3 Rc8 43. Re2 f6 44. e5 Re8 45. exf6 Rg8 46. f7 Rd8 47. Re8 Rd1 48. f8=Q Ra1+ 49. Kb2 Rc1 50. Qd6+ Rc6 51. Rb8+ Ka7 52. Qxc6 Kxb8 53. Bd6+ Ka7 54. Qc7+ Ka6 55. Qc6+ Ka7 56. Bc7 a3+ 57. Kxb3 b4 58. Qb6+ Ka8 59. Qa6# 1-0

[Event "3rd FIDE WCCC Rapid U08 2019"]
[Site "Minsk"]
[Date "2019.08.17"]
[Round "7.5"]
[White "Fedosov, Alexander"]
[Black "Karimli, Yusif"]
[Result "1/2-1/2"]
[ECO "C10"]
[WhiteElo "1160"]
[BlackElo "1658"]
[Annotator "NA"]
[PlyCount "89"]
[EventDate "2019.08.16"]
[EventType "swiss"]
[EventCountry "BLR"]
[SourceTitle "playchess.com"]
[Source "ChessBase"]
[SourceQuality "1"]
[TimeControl "600+5"]

1. e4 e6 2. d4 d5 3. Nd2 dxe4 4. Nxe4 Bd7 5. Nf3 Bc6 6. Bd3 Nd7 7. O-O Ngf6 8. Re1 Nxe4 9. Bxe4 Bxe4 10. Rxe4 Nf6 11. Re1 Be7 12. Bf4 O-O 13. c3 c5 14. dxc5 Bxc5 15. Be3 Bxe3 16. Rxe3 Qc7 17. Qe2 Qf4 18. g3 Qc7 19. Rd1 Rfd8 20. Red3 Rxd3 21. Rxd3 Qa5 22. a3 Rc8 23. Qe5 Qb6 24. Qd4 Qxd4 25. Rxd4 Nd5 26. c4 Nb6 27. b3 a5 28. Rd6 Na8 29. a4 Kf8 30. Ne5 f6 31. Nd7+ Ke7 32. Nb6 Kxd6 33. Nxc8+ Kd7 34. Na7 Kd6 35. Nb5+ Kc5 36. Kf1 e5 37. Ke2 Kb4 38. Kd3 Kxb3 39. Nd6 b6 40. Ne8 Kxa4 41. Kc3 Ka3 42. Nxg7 Nc7 43. Nh5 Ne8 44. g4 a4 45. f3 1/2-1/2

[Event "3rd FIDE WCCC Rapid U08 2019"]
[Site "Minsk"]
[Date "2019.08.17"]
[Round "7.6"]
[White "Gulenko, Zakhar"]
[Black "Nematolahi, Amirali"]
[Result "1-0"]
[ECO "C02"]
[WhiteElo "1496"]
[BlackElo "1220"]
[Annotator "NA"]
[PlyCount "83"]
[EventDate "2019.08.16"]
[EventType "swiss"]
[EventCountry "BLR"]
[SourceTitle "playchess.com"]
[Source "ChessBase"]
[SourceQuality "1"]
[TimeControl "600+5"]

1. e4 e6 2. d4 d5 3. e5 c5 4. c3 Nc6 5. Nf3 Qb6 6. Be2 Nh6 7. a4 Nf5 8. Bb5 cxd4 9. Nxd4 Nfxd4 10. cxd4 Bb4+ 11. Nc3 O-O 12. O-O Nxd4 13. Bd3 Nc6 14. Qh5 g6 15. Qe2 Nd4 16. Qg4 Nf5 17. Bxf5 exf5 18. Qh4 Bxc3 19. bxc3 Re8 20. Be3 Qc7 21. Bd4 Be6 22. Rfe1 Qe7 23. Qh6 Qf8 24. Qf4 Qg7 25. Rab1 b6 26. h4 Rac8 27. a5 bxa5 28. Ra1 a6 29. Rxa5 Rc6 30. Rea1 Bc8 31. g3 Ree6 32. Rb1 Bd7 33. Rxd5 Be8 34. Rb8 h6 35. Rdd8 Qf8 36. Qf3 a5 37. Qxc6 Rxc6 38. Rxe8 f6 39. Rxf8+ Kg7 40. exf6+ Rxf6 41. Bxf6+ Kh7 42. Rf7# 1-0

[Event "3rd FIDE WCCC Rapid U08 2019"]
[Site "Minsk"]
[Date "2019.08.17"]
[Round "8.1"]
[White "Usov, Dmitry E."]
[Black "Yeganegi, Barad"]
[Result "0-1"]
[ECO "B22"]
[WhiteElo "1331"]
[BlackElo "1612"]
[Annotator "NA"]
[PlyCount "92"]
[EventDate "2019.08.16"]
[EventType "swiss"]
[EventCountry "BLR"]
[SourceTitle "playchess.com"]
[Source "ChessBase"]
[SourceQuality "1"]
[TimeControl "600+5"]

1. e4 c5 2. c3 Nf6 3. e5 Nd5 4. d4 cxd4 5. Nf3 Nc6 6. cxd4 d6 7. Bc4 Nb6 8. Bb3 d5 9. O-O Bg4 10. Be3 e6 11. Nc3 Be7 12. h3 Bh5 13. Qe2 O-O 14. a3 Rc8 15. Rac1 a6 16. Na4 Nc4 17. Bxc4 dxc4 18. Rc3 b5 19. Nc5 Bxc5 20. dxc5 Nxe5 21. g4 Nxf3+ 22. Qxf3 Bg6 23. Rd1 Qc7 24. Bf4 Qa7 25. Be3 Qc7 26. b4 a5 27. Bf4 e5 28. Bg3 f6 29. Qd5+ Bf7 30. Qd6 Rfd8 31. Qa6 Rxd1+ 32. Kg2 axb4 33. axb4 Qc6+ 34. Qxc6 Rxc6 35. Ra3 Bd5+ 36. f3 Rc7 37. Ra5 Bc6 38. Ra6 Rb1 39. Rb6 Rxb4 40. Rb8+ Kf7 41. Kf2 c3 42. Ke3 Rd4 43. h4 c2 44. h5 c1=Q+ 45. Kf2 Rd2+ 46. Ke3 Qc3# {[%emt 0:00:02] Kd4} 0-1

[Event "3rd FIDE WCCC Rapid U08 2019"]
[Site "Minsk"]
[Date "2019.08.17"]
[Round "8.2"]
[White "Nikishin, Igor"]
[Black "Bouska, Jiri"]
[Result "0-1"]
[ECO "B83"]
[WhiteElo "1139"]
[BlackElo "1505"]
[Annotator "NA"]
[PlyCount "178"]
[EventDate "2019.08.16"]
[EventType "swiss"]
[EventCountry "BLR"]
[SourceTitle "playchess.com"]
[Source "ChessBase"]
[SourceQuality "1"]
[TimeControl "600+5"]

1. e4 c5 2. Nf3 Nc6 3. d4 cxd4 4. Nxd4 d6 5. Nc3 e6 6. Be2 Nf6 7. O-O Be7 8. Be3 O-O 9. Qd2 e5 10. Nb3 Be6 11. f4 exf4 12. Bxf4 a6 13. Rad1 Ne5 14. Nd4 Nc4 15. Bxc4 Bxc4 16. Rf3 Qc7 17. Nf5 Rad8 18. Nxe7+ Qxe7 19. b3 Be6 20. Rd3 Bg4 21. Re1 Rfe8 22. e5 dxe5 23. Rxe5 Be6 24. Bg5 Rxd3 25. Qxd3 Rd8 26. Qe2 h6 27. Bh4 g5 28. Bf2 Qb4 29. Ne4 Nxe4 30. Rxe4 Qc3 31. Rxe6 fxe6 32. Qxe6+ Kf8 33. Qf5+ Kg7 34. h3 Qf6 35. Qc5 Rd1+ 36. Kh2 Qd6+ 37. Qxd6 Rxd6 38. c3 Kg6 39. Bd4 Re6 40. a4 Kf5 41. Kg3 h5 42. Kf3 Re1 43. g4+ hxg4+ 44. hxg4+ Ke6 45. b4 Ra1 46. a5 Kd5 47. Ke3 Re1+ 48. Kf2 Re4 49. Kf3 Rxd4 50. cxd4 Kxd4 51. Kf2 Ke4 52. Kg3 Ke3 53. Kh3 Kf3 54. Kh2 Kxg4 55. Kg2 Kf4 56. Kf2 g4 57. Kg2 g3 58. Kg1 Kf3 59. Kf1 g2+ 60. Kg1 Ke4 61. Kxg2 Kd4 62. Kf3 Kc4 63. Ke4 Kxb4 64. Kd4 Kxa5 65. Kc5 b5 66. Kd4 Kb4 67. Kd3 a5 68. Kc2 a4 69. Kb2 a3+ 70. Ka2 Ka4 71. Kb1 b4 72. Kc2 b3+ 73. Kc1 a2 74. Kb2 Kb4 75. Ka1 Ka4 76. Kb2 a1=Q+ 77. Kxa1 Ka3 78. Kb1 b2 79. Kc2 Ka2 80. Kc3 b1=Q 81. Kc4 Ka3 82. Kc5 Qd3 83. Kc6 Kb4 84. Kc7 Qd5 85. Kb6 Qd6+ 86. Ka7 Kb5 87. Kb7 Qd7+ 88. Ka8 Ka6 89. Kb8 Qd8# 0-1

[Event "3rd FIDE WCCC Rapid U08 2019"]
[Site "Minsk"]
[Date "2019.08.17"]
[Round "8.3"]
[White "Bayramli, Rafael"]
[Black "Preobrazhenskaya, Diana"]
[Result "1-0"]
[ECO "A30"]
[WhiteElo "1514"]
[BlackElo "1361"]
[Annotator "NA"]
[PlyCount "123"]
[EventDate "2019.08.16"]
[EventType "swiss"]
[EventCountry "BLR"]
[SourceTitle "playchess.com"]
[Source "ChessBase"]
[SourceQuality "1"]
[TimeControl "600+5"]

1. c4 c5 2. g3 Nf6 3. Bg2 d5 4. cxd5 Nxd5 5. Nc3 Nxc3 6. bxc3 g6 7. d4 Bg7 8. Bb2 cxd4 9. cxd4 O-O 10. e3 Nc6 11. Ne2 Be6 12. O-O Qc8 13. Qd2 Bh3 14. Bxh3 Qxh3 15. Nf4 Qf5 16. Qd3 Qd7 17. Rac1 Rad8 18. Qb3 e5 19. dxe5 Nxe5 20. Rfd1 Qg4 21. h3 Qf5 22. Rxd8 Rxd8 23. Qxb7 g5 24. Nh5 Bh8 25. Qe7 Rf8 26. a3 g4 27. Nf4 gxh3 28. Bxe5 Bxe5 29. Rc5 Qb1+ 30. Kh2 Bg7 31. Nxh3 Qg6 32. Rg5 Qh6 33. Rg4 Kh8 34. Qxa7 Qh5 35. Rh4 Qg6 36. Nf4 Qc2 37. Kg2 Bf6 38. Rh6 Bg5 39. Rh1 Qe4+ 40. Kh2 Qf3 41. Rf1 Bxf4 42. Qd4+ f6 43. Qxf4 Qh5+ 44. Qh4 Qe2 45. Kg2 Qd3 46. Rh1 Rf7 47. a4 Qa6 48. Qe4 Kg8 49. Qe8+ Rf8 50. Qe4 Rf7 51. Rh4 f5 52. Qe8+ Rf8 53. Qb5 Qa8+ 54. Kh2 Qd8 55. Qc4+ Rf7 56. a5 Qf6 57. a6 Qb2 58. Rf4 Qb8 59. Rxf5 Qf8 60. Qxf7+ Qxf7 61. Rxf7 Kxf7 62. a7 1-0

[Event "3rd FIDE WCCC Rapid U08 2019"]
[Site "Minsk"]
[Date "2019.08.17"]
[Round "8.4"]
[White "Rose, Noah"]
[Black "Gulenko, Zakhar"]
[Result "0-1"]
[ECO "C00"]
[WhiteElo "1589"]
[BlackElo "1496"]
[Annotator "NA"]
[PlyCount "99"]
[EventDate "2019.08.16"]
[EventType "swiss"]
[EventCountry "BLR"]
[SourceTitle "playchess.com"]
[Source "ChessBase"]
[SourceQuality "1"]
[TimeControl "600+5"]

1. e4 e6 2. d4 d5 3. Bd3 dxe4 4. Bxe4 Nf6 5. Bg5 Be7 6. Bxf6 Bxf6 7. Nf3 Nc6 8. Bxc6+ bxc6 9. O-O Ba6 10. Re1 c5 11. c3 O-O 12. dxc5 Qe7 13. Nbd2 Qxc5 14. Ne4 Qe7 15. Qc2 Bb7 16. Nxf6+ Qxf6 17. Re3 Rad8 18. Qe2 Rd6 19. Qb5 Ba6 20. Qh5 h6 21. Ne5 Rfd8 22. h3 Bb7 23. Ng4 Qf4 24. Rg3 Kf8 25. Qe5 Qxe5 26. Nxe5 Rd1+ 27. Rxd1 Rxd1+ 28. Kh2 Rd2 29. Nc4 Rxf2 30. Kg1 Re2 31. Kf1 Re4 32. Nd2 Ba6+ 33. Kg1 Re2 34. Nb3 Rxb2 35. Rf3 Rxa2 36. Nc5 Bc4 37. Rf4 Bd5 38. g4 Ra5 39. Nd3 Ra1+ 40. Kf2 Rh1 41. c4 Bb7 42. Rd4 Rxh3 43. Nc5 Bc6 44. Rf4 Ke7 45. Na6 Rh2+ 46. Ke3 Rh3+ 47. Kd4 f6 48. Nxc7 e5+ 49. Kc5 exf4 50. Kd4 0-1

[Event "3rd FIDE WCCC Rapid U08 2019"]
[Site "Minsk"]
[Date "2019.08.17"]
[Round "8.5"]
[White "Karimli, Yusif"]
[Black "Samimi, Armin"]
[Result "1/2-1/2"]
[ECO "A06"]
[WhiteElo "1658"]
[BlackElo "1478"]
[Annotator "NA"]
[PlyCount "120"]
[EventDate "2019.08.16"]
[EventType "swiss"]
[EventCountry "BLR"]
[SourceTitle "playchess.com"]
[Source "ChessBase"]
[SourceQuality "1"]
[TimeControl "600+5"]

1. Nf3 d5 2. g3 Nf6 3. Bg2 Bf5 4. O-O c6 5. d4 h6 6. c4 e6 7. Nc3 Be7 8. Bf4 O-O 9. Rc1 Nbd7 10. Ne5 Nb6 11. cxd5 Nbxd5 12. Nxd5 exd5 13. Qb3 Qb6 14. Qxb6 axb6 15. a3 Ra4 16. Rcd1 b5 17. f3 Rfa8 18. Rfe1 b4 19. axb4 Rxb4 20. e4 dxe4 21. fxe4 Bg4 22. Nxg4 Nxg4 23. Bc1 Nf6 24. Kf1 Raa4 25. d5 cxd5 26. exd5 Bd6 27. Rd3 Rb5 28. Red1 Ng4 29. b3 Rab4 30. Ba3 Nxh2+ 31. Kg1 Ng4 32. Bxb4 Rxb4 33. Bf3 Bc5+ 34. Kg2 Ne3+ 35. Rxe3 Bxe3 36. d6 Bb6 37. d7 Bd8 38. Re1 Kh7 39. Re8 Bf6 40. d8=Q Bxd8 41. Rxd8 Rxb3 42. Be4+ g6 43. Rd7 Kg8 44. Bxb7 Rb2+ 45. Kh3 Rb6 46. Bd5 Rf6 47. Rd8+ Kg7 48. Kg2 Rf5 49. Rd7 g5 50. Bc4 Rf6 51. Kh3 Rf2 52. Kg4 Kg6 53. Bd3+ f5+ 54. Bxf5+ Rxf5 55. Rd6+ Rf6 56. Rxf6+ Kxf6 57. Kh5 Kg7 58. g4 Kf7 59. Kxh6 Kf6 60. Kh5 Ke5 1/2-1/2

[Event "3rd FIDE WCCC Rapid U08 2019"]
[Site "Minsk"]
[Date "2019.08.17"]
[Round "8.6"]
[White "Nguyen, Nghia Gia Binh"]
[Black "Egorov, Timofey Dm."]
[Result "1-0"]
[ECO "E21"]
[WhiteElo "1350"]
[BlackElo "1207"]
[Annotator "NA"]
[PlyCount "83"]
[EventDate "2019.08.16"]
[EventType "swiss"]
[EventCountry "BLR"]
[SourceTitle "playchess.com"]
[Source "ChessBase"]
[SourceQuality "1"]
[TimeControl "600+5"]

1. d4 Nf6 2. c4 e6 3. Nc3 b6 4. Nf3 Ba6 5. b3 Bb4 6. Bd2 d5 7. g3 dxc4 8. bxc4 Bxc4 9. Qa4+ b5 10. Qxb4 a5 11. Qb2 O-O 12. Bg2 b4 13. Na4 Bb5 14. Nc5 Nbd7 15. Nxd7 Qxd7 16. Ne5 Qd6 17. Bxa8 Rxa8 18. O-O Qd5 19. Rfc1 Nd7 20. Nxd7 Bxd7 21. Rxc7 Bc6 22. Rxc6 Qxc6 23. Rc1 Qd5 24. Qc2 Rf8 25. Qc4 Qd6 26. Qc5 Qd7 27. Qxa5 Qb7 28. Qxb4 Qd5 29. a4 h6 30. a5 Ra8 31. Qc5 Qd7 32. e3 Qb7 33. Qc6 Qb8 34. a6 Qa7 35. Qb7 Kh7 36. Rc8 Rxc8 37. Qxa7 Rc7 38. Qxc7 f6 39. a7 Kh8 40. a8=Q+ Kh7 41. Qf8 e5 42. Qcxg7# 1-0